 Dungeon Crawl Stone Soup version 0.24-a0-280-g7cec4da (webtiles) character file.

Game seed: 6124350832563908823

1902 asranox the Poker (level 8, -3/70 HPs)
             Began as a Grey Draconian Berserker on May 8, 2019.
             Was a Priest of Trog.
             Slain by a killer bee (8 damage)
             ... on level 8 of the Dungeon.
             The game lasted 00:52:11 (6770 turns).

asranox the Poker (Grey Draconian Berserker)        Turns: 6770, Time: 00:52:11

Health: -3/70      AC: 15    Str: 21    XL:     8   Next: 94%
Magic:  8/8        EV: 15    Int:  7    God:    Trog [***...]
Gold:   366        SH:  0    Dex: 12    Spells: 7/7 levels left

rFire    . . .     SeeInvis .   x - +7 great mace "Undeadhunter" {disrupt, rN+}
rCold    . . .     Gourm    .   (shield currently unavailable)
rNeg     + . .     Faith    .   (armour unavailable)
rPois    .         Spirit   .   (helmet restricted)
rElec    .         Reflect  .   i - +1 cloak
rCorr    .         Harm     .   t - +1 pair of gloves
MR       .....                  (no boots)
Stlth    +++.......             o - amulet of the acrobat
HPRegen  0.21/turn              m - ring of flight
MPRegen  0.11/turn              r - ring of stealth

@: lethally poisoned (-3 -> -6), berserk cooldown
A: walk through water, unfitting armour, unbreathing, cold-blooded, AC +11
a: Berserk, Trog's Hand, Renounce Religion, Evoke Flight


You were on level 8 of the Dungeon.
You worshipped Trog.
Trog was most pleased with you.
You were not hungry.

You visited 1 branch of the dungeon, and saw 7 of its levels.
You also visited: Sewer.

You collected 366 gold pieces.

Inventory:

Hand Weapons
 a - a +0 spear
 d - a +2 spear
 k - a +0 falchion of flaming
 s - a +0 giant club
 u - a cursed -3 falchion
 x - the +7 great mace "Undeadhunter" (weapon) {disrupt, rN+}
   (You found it on level 5 of the Dungeon)

   It protects you from negative energy.
Missiles
 n - 3 tomahawks (quivered)
Armour
 f - a +1 buckler
 i - a +1 cloak (worn)
 q - a +0 troll leather armour {Purgy}
 t - a +1 pair of gloves (worn)
Jewellery
 m - a ring of flight (left hand)
 o - an amulet of the acrobat (around neck)
 r - a ring of stealth (right hand)
 A - an uncursed amulet of the gourmand {unknown}
Wands
 y - a wand of digging (4)
Scrolls
 c - 2 scrolls of remove curse
 g - 3 scrolls of amnesia
 h - 5 scrolls of identify
 v - a scroll of immolation
 w - a scroll of teleportation {unknown}
 B - a scroll of magic mapping {unknown}
 D - a scroll of blinking {unknown}
Potions
 e - a potion of cancellation
 j - a potion of ambrosia
 p - a potion of agility
 z - a potion of curing
Comestibles
 b - 7 rations


   Skills:
 + Level 6.0 Fighting
 + Level 3.7 Maces & Flails
 + Level 6.8 Polearms
 + Level 6.0 Dodging
 + Level 2.9 Stealth
 + Level 3.2 Shields
 + Level 0.9 Evocations


You had 7 spell levels left.
You didn't know any spells.
Your spell library contained the following spells:

 Spells                   Type           Power        Failure   Level  Hunger
 Shock                    Conj/Air       #...         43%         1    ##.....
 Swiftness                Chrm/Air       #.......     56%         2    ###....
 Static Discharge         Conj/Air       #.......     80%         3    ####...
 Airstrike                Air            #.........   99%         4    #####..
 Lightning Bolt           Conj/Air       #.........   100%        5    ######.


Dungeon Overview and Level Annotations

Branches:
Dungeon (6/15)
 Temple: D:4-7

Altars:
Ashenzari
Fedhas
Vehumet


Innate Abilities, Weirdness & Mutations

You can walk through water.
Your dull iron-grey scales are very hard. (AC +11)
You cannot fit into any form of body armour.
You can survive without breathing.
You are cold-blooded and may be slowed by cold attacks.


Message History

* * * LOW HITPOINT WARNING * * *
You feel better.
The killer bee stings you but does no damage.
The killer bee stings you.
* * * LOW HITPOINT WARNING * * *
You closely miss the killer bee. The killer bee closely misses you. x2
The killer bee barely misses you. The killer bee completely misses you.
The killer bee misses you.
You miss the killer bee.
Your tail-slap misses the killer bee.
The killer bee closely misses you. The killer bee misses you.
The killer bee barely misses you.
You miss the killer bee. The killer bee stings you.
* * * LOW HITPOINT WARNING * * *
You are poisoned.
The killer bee poisons you! The killer bee barely misses you.
The killer bee stings you but does no damage.
You closely miss the killer bee.
Your tail-slap misses the killer bee.
You feel sick. The killer bee closely misses you. The killer bee stings you!
You die...

#. #######.†#
#.########..#### #
#.#............###.###
##.#.#######.##........
##....# #.........y.
####.....##
####.###.###
..........#########.#
###...........)..##.##
#.......#####@y....#
#......## #.........#
#.#....# #......####
#....#.# #####.....
######.# #.#### #.. ...
#### #.## #..


You could see a killer bee.

Vanquished Creatures
  Purgy (Sewer)
  2 ice beasts (D:5)
  A sky beast (D:6)
  2 ogres
  2 bullfrogs (D:6)
  A water moccasin zombie (D:8)
  A scorpion (D:6)
  6 killer bees (D:8)
  A howler monkey (D:4)
  11 orc wizards
  2 jellies (D:5)
  2 hounds
  5 orc priests
  An iguana (D:4)
  A bullfrog skeleton (D:5)
  A gnoll (D:1)
  7 adders
  An ooze (D:4)
  An adder skeleton (D:4)
  5 worms
  2 dart slugs
  6 leopard geckos
  20 orcs
  2 ball pythons
  7 bats
  6 giant cockroaches
  7 goblins
  2 hobgoblins (D:1)
  4 jackals (D:4)
  13 kobolds
  A quokka (D:4)
  3 frilled lizards
  7 rats
  A plant (D:2)
135 creatures vanquished.

Vanquished Creatures (others)
  An orc wizard (D:5)
1 creature vanquished.

Grand Total: 136 creatures vanquished

Notes
Turn   | Place    | Note
-------+----------+-------------------------------------------
     0 | D:1      | asranox the Draconian Berserker began the quest for the
                  | Orb.
     0 | D:1      | Reached XP level 1. HP: 19/19 MP: 1/1
   196 | D:1      | Reached XP level 2. HP: 24/26 MP: 2/2
   531 | D:1      | Reached XP level 3. HP: 33/33 MP: 3/3
   980 | D:2      | Reached ** piety under Trog
  2033 | D:3      | Reached XP level 4. HP: 31/40 MP: 4/4
  2226 | D:3      | Found a radiant altar of Vehumet.
  2659 | D:4      | Found a glowing drain.
  2686 | Sewer    | Entered a sewer
  2766 | Sewer    | Noticed Purgy
  2781 | Sewer    | Killed Purgy
  2781 | Sewer    | Reached skill level 1 in Stealth
  2781 | Sewer    | Reached skill level 1 in Shields
  2781 | Sewer    | Reached XP level 5. HP: 20/46 MP: 5/5
  3208 | D:4      | Reached XP level 6. HP: 34/52 MP: 6/6
  3667 | D:4      | Reached skill level 5 in Polearms
  3728 | D:4      | Reached *** piety under Trog
  4425 | D:4      | Your scales start taking on a dull iron-grey colour.
  4425 | D:4      | Reached XP level 7. HP: 51/60 MP: 7/7
  4425 | D:4      | Gained mutation: You can survive without breathing. [Grey
                  | Draconian growth]
  5024 | D:5      | Entered Level 5 of the Dungeon
  5273 | D:5      | Reached skill level 5 in Fighting
  5485 | D:5      | Reached skill level 5 in Dodging
  5694 | D:5      | Reached XP level 8. HP: 56/68 MP: 8/8
  5880 | D:5      | Found the +7 great mace "Undeadhunter" {disrupt, rN+}
  5972 | D:6      | Found a shattered altar of Ashenzari.
  6264 | D:6      | Found a blossoming altar of Fedhas.
  6291 | D:6      | Reached skill level 1 in Maces & Flails
  6685 | D:6      | You fall through a shaft for 2 floors!
  6748 | D:8      | HP: 3/70 [poisoned by a killer bee]
  6750 | D:8      | HP: 1/70 [poisoned by a killer bee]
  6770 | D:8      | Slain by a killer bee

Levels and vault maps discovered:
D:1:      dpeg_arrival_stone_temple_mockup, layout_basic,
          minmay_misc_feat_plants
D:2:      wad_lake_hut, layout_basic
D:3:      layout_rooms, lemuel_round_altar, first_ration,
          roderic_cross_of_infinity
D:4:      layout_basic, portal_sewer_entry_f, serial_rivers,
          chequers_serial_rivers_large_b, chequers_serial_rivers_large_a,
          chequers_serial_rivers_small_b, chequers_serial_rivers_room_b
D:5:      layout_rooms, corexii_corridor_pit
D:6:      layout_rooms, evilmike_ruin_ashenzari, fedhas_altar_2,
          minmay_temple_entry_drinking_statues, hangedman_decor_peaks_small
D:8:      layout_loops_ring, david_lair_shrubbed, david_nohive_1

Skill      XL: |  1  2  3  4  5  6  7  8 |
---------------+-------------------------+-----
Dodging        | 3 4 5 6 |  6.0
Polearms       | 4 5 6 |  6.8
Fighting       | 4 5 6 |  6.0
Stealth        | 1 2 |  2.9
Shields        | 1 2 3 |  3.2
Maces & Flails | 3 |  3.7
Evocations     | |  0.9

Action                   |  1- 3 |  4- 6 |  7- 9 || total
-------------------------+-------+-------+-------++-------
Melee: Spear             |   185 |   186 |   156 ||   527
       Tailslap          |    37 |    23 |    34 ||    94
       Great mace        |       |       |    68 ||    68
Invok: Berserk           |     1 |     4 |     3 ||     8
       Trog's Hand       |       |     2 |     4 ||     6
 Abil: Evoke Flight      |       |     2 |     1 ||     3
       Stop Flying       |       |     2 |       ||     2
  Use: Scroll            |     4 |     7 |     5 ||    16
       Potion            |       |     8 |     6 ||    14
 Stab: Sleeping          |       |     4 |     2 ||     6
  Eat: Chunk             |     3 |     1 |     2 ||     6
       Ration            |       |     4 |     3 ||     7
Armor: Skin              |    37 |    61 |   123 ||   221
Dodge: Dodged            |    77 |   139 |   194 ||   410
Block: Buckler           |    12 |    49 |    29 ||    90

Table legend:
 A = Non-vault XP
 B = Vault XP
 C = Vault XP percentage of total XP
 D = Non-vault monster count
 E = Vault monster count
 F = Vault count percentage of total count
                 A         B        C        D         E       F
            +---------+---------+-------+---------+---------+-------
      Total |    2201 |     517 |  19.0 |     118 |      17 |  12.6
            +---------+---------+-------+---------+---------+-------
        D:1 |      43 |       0 |   0.0 |      17 |       0 |   0.0
        D:2 |      37 |       0 |   0.0 |      18 |       0 |   0.0
        D:3 |      73 |       0 |   0.0 |      17 |       0 |   0.0
        D:4 |     634 |      13 |   2.0 |      31 |       5 |  13.9
        D:5 |     704 |       0 |   0.0 |      19 |       0 |   0.0
        D:6 |     632 |       0 |   0.0 |      15 |       0 |   0.0
        D:8 |      78 |     364 |  82.4 |       1 |       6 |  85.7
      Sewer |       0 |     140 | 100.0 |       0 |       6 | 100.0
            +---------+---------+-------+---------+---------+-------
